 Dungeon Crawl Stone Soup version 0.29.1-12-g30fa7ad0bf (webtiles) character file.

Game seed: 13566839509639270557

380 croobank the Sneak (level 6, -4/41 HPs)
             Began as an Octopode Transmuter on Jan 1, 2023.
             Slain by a gnoll
             ... wielding a +0 flail
              (11 damage)
             ... on level 5 of the Dungeon.
             The game lasted 00:08:20 (4976 turns).

croobank the Sneak (Octopode Transmuter)            Turns: 4976, Time: 00:08:21

Health: -4/41      AC:  1    Str:  9    XL:     6   Next: 75%
Magic:  8/10       EV: 14    Int: 18    God:
Gold:   294        SH:  0    Dex: 12    Spells: 5/11 levels left

rFire   . . .      SeeInvis .   e - +0 dagger (vorpal)
rCold   . . .      Faith    .   (no shield)
rNeg    . . .      Spirit   .   (helmet currently unavailable)
rPois   .          Reflect  .   (no amulet)
rElec   .          Harm     .   i - ring of resist corrosion
rCorr   +          Rampage  .   k - +4 ring of slaying
Will    .....                   (no ring)
Stlth   +++.......              (no ring)
HPRegen 0.13/turn               (no ring)
MPRegen 0.12/turn               (no ring)
                                (no ring)
                                (no ring)

@: appendages (expiring), wereblooded
A: tentacle spike 3, almost no armour, amphibious, 8 rings, camouflage 1,
gelatinous body 1, (nimble swimmer 1), tentacles
a: End Transformation


You were on level 5 of the Dungeon.
One of your tentacles had grown a beastly spike.
You visited 1 branch of the dungeon, and saw 5 of its levels.

You collected 294 gold pieces.

Inventory:

Hand Weapons
 e - a +0 vorpal dagger (weapon)
 h - a +0 long sword of draining
Missiles
 j - 4 javelins
Magical Staves
 m - a staff of poison
Jewellery
 i - a ring of resist corrosion (left tentacle)
 k - a +4 ring of slaying (right tentacle)
Wands
 c - a wand of mindburst (7)
 t - a wand of charming (7)
 v - a wand of polymorph (6)
Scrolls
 l - a scroll of enchant armour {unknown}
 p - a scroll of immolation {unknown}
 q - a scroll of teleportation
 s - a scroll of noise {unknown}
 u - a scroll of butterflies {unknown}
Potions
 a - a potion of lignification
 b - a potion of degeneration
 d - a potion of ambrosia
 f - a potion of mutation
 g - 2 potions of curing
 n - a potion of berserk rage
 o - a potion of invisibility {unknown}
 r - 2 potions of haste {unknown}


   Skills:
 + Level 2.9 Fighting
 + Level 3.4 Dodging
 + Level 3.5 Stealth
 - Level 3.0 Unarmed Combat
 + Level 3.1 Spellcasting
 + Level 3.4 Transmutations
 + Level 2.2 Poison Magic


You had 5 spell levels left.
You knew the following spells:

 Your Spells              Type           Power      Damage    Failure   Level
a - Beastly Appendage     Tmut           30%        N/A       4%          1
b - Wereblood             Tmut           15%        N/A       6%          2
c - Spider Form           Tmut/Pois      13%        N/A       16%         3

Your spell library contained the following spells:

 Spells                   Type           Power      Damage    Failure   Level
 Dazzling Flash           Conj/Hex       4%         N/A       43%         3
 Ice Form                 Ice/Tmut       8%         N/A       63%         4
 Agony                    Necr           2%         N/A       99%         5
 Silence                  Hex/Air        1%         N/A       99%         5


Dungeon Overview and Level Annotations

Branches:
Dungeon (5/15)
 Temple: D:4-7

Altars:


Innate Abilities, Weirdness & Mutations

One of your tentacles has grown a beastly spike.
You cannot wear most types of armour.
You are amphibious.
You can wear up to eight rings at the same time.
Your skin changes colour to match your surroundings (Stealth+).
Your rubbery body absorbs attacks. (AC +1, EV +1)
((You are camouflaged when in or above water. (Stealth+)))
You have tentacles for arms and can constrict up to eight enemies at once.


Message History

Your tentacle spike disappears.
Magic restored.
You start resting.
Your primal bloodlust has ended.
You start resting.
HP restored.
You start waiting.
Done waiting.
You start waiting.
Done waiting.
You see here a +0 flail.
Found the +1 Delatra's gloves {ID++}.
Casting: Wereblood (safe; 6% risk of failure)
Confirm with . or Enter, or press ? or * to list all spells.
One of your tentacles grows a vicious spike.
Casting: Beastly Appendage (safe; 4% risk of failure)
Confirm with . or Enter, or press ? or * to list all spells.
Your blood is infused with primal strength.
The gnoll throws a throwing net.
The throwing net hits you.
You become entangled in the net!
You struggle against the net.
You struggle against the net.
The gnoll hits you from afar with a +0 halberd!
A gnoll comes into view. It is wielding a +0 flail.
You shred the net and break free!
The gnoll hits you from afar with a +0 halberd!
The gnoll misses you.
Your transformation is almost over.
The gnoll closely misses you.
You see here the +1 Delatra's gloves {ID++}.
The gnoll misses you. The gnoll barely misses you.
You hit the gnoll. Your grab misses the gnoll.
You pierce the gnoll.
You feel a bit better.
You kill the gnoll!
The gnoll hits you with a +0 flail!
* * * LOW HITPOINT WARNING * * *
You hit the gnoll. You grab the gnoll.
The gnoll is heavily wounded.
You constrict the gnoll. The gnoll hits you with a +0 flail!
You die...

#)# #.# ## #.# ..# #.#
# # #.# #.# #.#. #.#
#.###### .....
#.#####......#
#.....###............#
#.#
#.....g@[#.########..#
#.#
#.....##)...#######..#
#.# .....
#..........#..# #.#
#.#. #....#####.#..#
#.# #.. #.#.##
#.....### #.# ..
.....# #.#....... #.#
# #..#.### ##.#...###
#.## #..#.# ##....#
...# #..#. #.####


You could see a gnoll.

Vanquished Creatures
  A scorpion (D:5)
  A jelly (D:5)
  2 hounds (D:5)
  An iguana (D:5)
  2 gnolls (D:5)
  11 adders
  A white imp (D:3)
  An ufetubus (D:4)
  A worm (D:2)
  4 dart slugs
  5 orcs
  2 endoplasms
  A giant cockroach (D:2)
  7 goblins
  8 hobgoblins
  4 quokkas
  7 ball pythons
  2 bats (D:1)
  2 frilled lizards
  4 kobolds
  3 rats
70 creatures vanquished.

Notes
Turn   | Place    | Note
-------+----------+-------------------------------------------
     0 | D:1      | croobank the Octopode Transmuter began the quest for the
                  | Orb.
     0 | D:1      | Reached XP level 1. HP: 13/13 MP: 3/3
   316 | D:1      | Reached XP level 2. HP: 13/18 MP: 3/5
   319 | D:1      | Learned a level 2 spell: Wereblood
   720 | D:2      | Reached skill level 1 in Stealth
  1120 | D:2      | Reached XP level 3. HP: 12/23 MP: 4/6
  2300 | D:3      | Reached XP level 4. HP: 29/29 MP: 3/7
  2374 | D:3      | Learned a level 3 spell: Spider Form
  3338 | D:4      | Reached XP level 5. HP: 34/34 MP: 4/8
  3354 | D:4      | Reached skill level 1 in Poison Magic
  4062 | D:5      | Entered Level 5 of the Dungeon
  4153 | D:5      | Reached XP level 6. HP: 34/41 MP: 7/10
  4961 | D:5      | Found the +1 Delatra's gloves {ID++}
  4976 | D:5      | Slain by a gnoll

Illustrated notes

Levels and vault maps discovered:
D:1:      onia_arrival_mini_spirals, layout_rooms
D:2:      layout_basic, bh_walls_and_bars
D:3:      layout_basic
D:4:      layout_basic
D:5:      layout_loops_ring

Skill      XL: |  1  2  3  4  5  6 |
---------------+-------------------+-----
Stealth        | 1 2 3 |  3.5
Fighting       | 2 |  2.9
Poison Magic   | 1 2 |  2.2
Dodging        | 3 |  3.4
Transmutations | 3 |  3.4
Spellcasting   | 3 |  3.1
Unarmed Combat | |  3.0

Action                   |  1- 3 |  4- 6 || total
-------------------------+-------+-------++-------
Melee: Dagger            |    52 |    72 ||   124
       Unarmed           |     4 |       ||     4
       Constrict         |    15 |    25 ||    40
       Tentacles         |    10 |    11 ||    21
       Kick              |    13 |    22 ||    35
       Punch             |     3 |     3 ||     6
 Cast: Beastly Appendage |    18 |    24 ||    42
       Wereblood         |    11 |    24 ||    35
  Use: Potion            |     4 |       ||     4
       Scroll            |     5 |     2 ||     7
 Stab: Sleeping          |     1 |     6 ||     7
Armor: Skin              |    27 |     3 ||    30
Dodge: Dodged            |    28 |    42 ||    70
